[Event "FRA-ch Teams Top 16-Haute 2022"]
[Site "Chartres"]
[Date "2022.06.19"]
[Round "11.7"]
[White "Pourquet, Matthieu"]
[Black "Milliet, Sophie"]
[Result "1/2-1/2"]
[ECO "A13"]
[WhiteElo "2178"]
[BlackElo "2410"]
[Annotator "TA"]
[PlyCount "59"]
[EventDate "2022.06.16"]
[EventType "team-tourn"]
[EventCountry "FRA"]
[SourceTitle "playchess.com"]
[Source "ChessBase"]
[SourceQuality "1"]
[TimeControl "40/5400+30:1800+30"]

1. Nf3 Nf6 2. c4 e6 3. g3 d5 4. Bg2 dxc4 5. Qa4+ Bd7 6. Qxc4 {[%emt 0:00:07] A13: English Opening: 1...e6.} c5 7. Ne5 Qc8 8. O-O Nc6 9. Nxd7 (9. d4 {is interesting.} cxd4 10. Bxc6 Bxc6 11. Rd1) 9... Qxd7 10. Nc3 Be7 11. Qa4 Rc8 12. a3 O-O 13. b4 c4 {[%emt 0:08:26] [#]} 14. Rd1 $146 ({Predecessor:} 14. Qb5 Rfd8 15. Rb1 b6 16. Rd1 Nd5 17. Bb2 Nxc3 18. Bxc3 Nd4 19. Qxd7 Rxd7 20. Kf1 {1-0 (51) Aronian,L (2815)-Riazantsev,A (2692) Dubai 2014}) 14... Ng4 (14... a6 $11) 15. h3 $14 Nge5 16. Bb2 a6 17. f4 Ng6 18. e3 (18. d4 $5 ) 18... Bf6 19. Qc2 Rfd8 20. Be4 Nce7 21. Kh2 Qc7 (21... b5 {looks sharper.} 22. Rab1 Nf5 23. a4 Rb8) 22. Rf1 Rd7 (22... b5 {feels hotter.} 23. Rad1 Nf5 24. h4 h6) 23. Rf2 Rcd8 24. Raf1 Nf8 25. Kg1 Qd6 ({Black should play} 25... b5 $15) 26. Bf3 {[%emt 0:02:36] Black must now prevent Ne4. A strong pair of Bishops.} Qc7 27. Rg2 Nf5 28. Be4 Nd6 29. Bf3 Nf5 30. Rff2 {[%emt 0:02:36] Weighted Error Value: White=0.13 (very precise) /Black=0.16 (very precise)} 1/2-1/2

[Event "FRA-ch Teams Top 16-Haute 2022"]
[Site "Chartres"]
[Date "2022.06.19"]
[Round "11.8"]
[White "Demuth, Adrien"]
[Black "Thomas, Anysia"]
[Result "1-0"]
[ECO "B06"]
[WhiteElo "2493"]
[BlackElo "2126"]
[Annotator "TA"]
[PlyCount "84"]
[EventDate "2022.06.16"]
[EventType "team-tourn"]
[EventCountry "FRA"]
[SourceTitle "playchess.com"]
[Source "ChessBase"]
[SourceQuality "1"]
[TimeControl "40/5400+30:1800+30"]

1. Nf3 g6 2. e4 c5 3. c3 d5 4. e5 Bg7 5. d4 a6 {[%emt 0:02:02] [#]} 6. dxc5 $146 {[%emt 0:14:51] B06: Modern Defence.} ({Predecessor:} 6. h3 f6 7. Be2 Nc6 8. exf6 Nxf6 9. dxc5 Ne4 10. Be3 O-O 11. O-O Bf5 12. Nbd2 e5 13. Nxe4 Bxe4 {1-0 (36) Estrada Nieto,J (2253)-Yanayt,E (2073) Chess.com INT 2022}) 6... Nc6 7. Bf4 Bg4 8. Be2 {[%emt 0:01:21] The position is equal.} Bxf3 9. Bxf3 e6 10. O-O Nxe5 (10... Bxe5 {is interesting.} 11. Bxe5 Nxe5 12. Bxd5 exd5 13. Re1 Qe7) 11. Bxd5 Qxd5 (11... exd5 $11 12. Bxe5 Bxe5) 12. Qxd5 $16 exd5 13. Bxe5 Bxe5 14. Re1 f6 {[%emt 0:00:08] Hoping for ...Kf7.} 15. f4 $1 {[%emt 0:00:05][%mdl 64] Pin} Kf7 16. fxe5 Re8 17. c4 dxc4 18. Nd2 c3 {[%emt 0:14:24] [#]} (18... Rxe5 $16 19. Nxc4 Rxc5 20. Nd6+ Kg7) 19. Nc4 $1 $18 (19. bxc3 $6 Rxe5 20. Rxe5 fxe5 $16) 19... cxb2 (19... Re7 $142 20. Nd6+ (20. bxc3 fxe5 21. Nxe5+ Kg7 $16) 20... Kf8 21. exf6 (21. bxc3 fxe5 22. Rab1 Nf6 $16) 21... Nxf6) 20. Rab1 {[%emt 0:00:07] Nd6+ is the strong threat.} Re7 21. Rxb2 fxe5 22. Nd6+ ({Don't play} 22. Nxe5+ $6 Kg7 $16) (22. Rxe5 $6 Rxe5 23. Nxe5+ Ke6 $16) 22... Kg7 {[%emt 0:11:36] [#]} 23. Rxb7 $2 ({Only move:} 23. Reb1 $1 $18) 23... Rxb7 $14 24. Nxb7 $18 {[%emt 0:00:02][%mdl 4096] Endgame KRN-KRN} Ne7 25. Rxe5 Kf6 26. Re3 Rb8 27. Rb3 Ke5 28. Re3+ Kf6 29. Rb3 Ke5 30. Kf2 Kd4 31. Kg3 Kd5 32. Kh3 (32. Rb6 $5 ) 32... Nc6 33. Rd3+ Kc4 $1 (33... Nd4 $2 34. Na5 $18) 34. Rd7 h5 35. Rd6 {[%emt 0:01:09][%csl LRc6,LRg6] White is more active.} Rxb7 $2 {[%emt 0:01:39] This move loses the game for Black.} (35... Ne7 $16 {might work better.}) 36. Rxc6 $16 {[%emt 0:00:02] KR-KR} Rg7 $2 (36... g5 37. Rh6 (37. Rxa6 g4+ 38. Kh4 Kxc5 $18) 37... g4+ 38. Kg3 Rb2) 37. Rxa6 $18 {[%emt 0:00:37] White is clearly winning.} Kxc5 38. Kh4 Kb5 39. Rf6 Kc5 40. Kg5 Ra7 41. Rxg6 Rxa2 42. Kxh5 Kd5 {[%emt 0:02:58] Weighted Error Value: White=0.17 (very precise) /Black=0.25 (precise)} 1-0

[Event "FRA-ch Teams Top 16-Haute 2022"]
[Site "Chartres"]
[Date "2022.06.19"]
[Round "11.10"]
[White "Kamsky, Gata"]
[Black "Mendonca, Leon Luke"]
[Result "1-0"]
[ECO "C00"]
[WhiteElo "2661"]
[BlackElo "2551"]
[Annotator "TA"]
[PlyCount "91"]
[EventDate "2022.06.16"]
[EventType "team-tourn"]
[EventCountry "FRA"]
[SourceTitle "playchess.com"]
[Source "ChessBase"]
[SourceQuality "1"]
[TimeControl "40/5400+30:1800+30"]

1. Nf3 Nf6 2. g3 d5 3. Bg2 c5 4. O-O e6 5. d3 Be7 6. Nbd2 Nc6 7. e4 O-O 8. Re1 Qc7 9. c3 Rd8 10. e5 {[%emt 0:08:08] C00: French: Unusual White 2nd moves.} Nd7 11. Qe2 b5 12. a4 $5 {[%emt 0:03:41][%mdl 4] Black is slightly better. Leaves trodden paths.} b4 13. c4 $1 {[%emt 0:01:39] [#]} dxc4 $146 ({Predecessor:} 13... Nf8 14. Nb3 Na5 15. Nxa5 Qxa5 16. cxd5 exd5 17. b3 Ne6 18. h4 Ba6 19. Qc2 Rac8 {0-1 (42) More,G (2129)-Hidegh,E (2108) Sarospatak 2000}) 14. Nxc4 h6 {[%emt 0:26:13] Inhibits Ng5.} 15. Qe4 Bb7 16. Qg4 $1 Kf8 $1 17. Qh5 Nb6 (17... Na5 $1 $11) 18. Nd6 $14 Bxd6 19. exd6 Qxd6 20. a5 {[%emt 0:01:31] [#] Hoping for Bxh6.} (20. Bxh6 $5 gxh6 21. Qxh6+ Ke8 22. Ng5 $14) 20... Nd5 21. a6 $40 {[%emt 0:00:06][%mdl 128] White mounts an attack.} Bc8 22. Ng5 Qe7 ({Don't take} 22... hxg5 23. Qh8+ Ke7 24. Qxg7 $16 (24. Bxg5+ Kd7 $11)) 23. Ne4 Rb8 {[%emt 0:01:21] Strongly threatening ...Rb6.} 24. Bg5 f6 25. Nxf6 Nxf6 (25... hxg5 $11 26. Nxd5 Qf7) 26. Bxf6 $16 Qxf6 27. Bxc6 Rb6 (27... Qg5 $11 {remains equal.} 28. Qxg5 hxg5) 28. Qxc5+ Qe7 29. Qc4 {[%emt 0:01:23] White is much more active.} Qc7 30. Rec1 Kg8 31. Qh4 Qd6 {[%emt 0:00:30] Black is now going downhill.} (31... Rxa6 $14 32. Rab1 Qb6) 32. Be4 Bxa6 33. Qg4 {[%emt 0:00:06] Threatens to win with Qg6.} e5 34. Qf5 g6 35. Qf3 Kg7 36. h4 h5 (36... Rd7 $16 {is a better defense.}) 37. Ra5 $18 Rd7 38. Qe3 {[%emt 0:02:10] Black must now prevent Rd5.} Qf6 (38... Rf7 $16 {was necessary.} 39. Rcc5 Qd4) 39. Rac5 {[%emt 0:04:02] And now Rc6 would win.} Rbd6 (39... Qe7 $142 40. Rc6 Bb7) 40. Rc7 Qe7 (40... Bb5 41. Qxa7 Qf7 42. Rxd7 Rxd7) 41. Rxd7 {[%emt 0:31:28] White is clearly winning.} Qxd7 42. Qg5 Bb5 43. Qxe5+ Kf7 44. Qh8 Bxd3 45. Bxd3 Rxd3 {[%emt 0:00:02] [#]} 46. Rc7 $3 {[%emt 0:00:00][%mdl 512] Weighted Error Value: White=0.08 (flawless) /Black=0.35} 1-0

[Event "FRA-ch Teams Top 16-Haute 2022"]
[Site "Chartres"]
[Date "2022.06.19"]
[Round "11.12"]
[White "Tiviakov, Sergei"]
[Black "Navrotescu, Andreea"]
[Result "1-0"]
[ECO "C07"]
[WhiteElo "2567"]
[BlackElo "2318"]
[Annotator "TA"]
[PlyCount "97"]
[EventDate "2022.06.16"]
[EventType "team-tourn"]
[EventCountry "FRA"]
[SourceTitle "playchess.com"]
[Source "ChessBase"]
[SourceQuality "1"]
[TimeControl "40/5400+30:1800+30"]

1. e4 e6 2. d4 d5 3. Nd2 c5 4. exd5 Qxd5 5. dxc5 Nf6 6. Ngf3 {[%emt 0:01:37] C07: French Tarrasch: 3...c5, 4 Ngf3 and 4 exd5 Qxd5.} Qxc5 7. Bd3 Be7 8. O-O {[%emt 0:00:20] The position is equal.} Nbd7 9. a4 {[%emt 0:01:21] [#]} a5 $146 ({Predecessor:} 9... Qc7 10. a5 Nc5 11. Bc4 O-O 12. Qe2 Bd7 13. Ne5 Rac8 14. Ndf3 Rfd8 15. Nxd7 Ncxd7 {1-0 (58) Alekseenko,K (2696)-Indjic,A (2618) Chess.com INT 2020}) 10. Nb3 Qc7 11. Nbd4 Nc5 12. Nb5 Qd8 13. Bc4 Qxd1 14. Rxd1 {[%emt 0:00:09] [#] Hoping for Nc7+.} O-O 15. Be3 b6 16. Nd6 Rd8 17. Bxc5 bxc5 18. Nxc8 Raxc8 19. c3 Nd7 20. Bb5 $36 {[%emt 0:02:29][%mdl 2048] White has some pressure.} Nb6 21. Ne5 Rxd1+ 22. Rxd1 Rd8 23. Rb1 Rd5 (23... Bd6 $14 24. Nc6 Ra8) 24. Nc6 $16 Bd8 25. Kf1 Nc8 26. Ke2 (26. Nxd8 $16 Rxd8 27. b4) 26... Ne7 27. Nxd8 {[%emt 0:03:33] White is more active.} Rxd8 28. Rd1 Rxd1 29. Kxd1 $14 {[%emt 0:00:02][%mdl 4096] Endgame Strongly threatening Kc2. KB-KN} Nd5 $1 30. Kc2 {[%emt 0:05:55] And now Kd3 would win.} Kf8 31. Kd3 {[%emt 0:00:10] Black must now prevent Kc4.} Ke7 32. Kc4 Kd6 33. Be8 $1 f6 {[%emt 0:00:38] Black is on the road to losing.} ({Black should play} 33... f5) 34. Bh5 $16 Nc7 35. Bf3 e5 $2 (35... f5 $16 {was necessary.} 36. b4 cxb4) 36. Be4 $18 g6 {[%emt 0:00:55] [#]} 37. g4 {[%emt 0:00:07] Against f5} Ne6 38. Kb5 Ng5 39. Bg2 Ne6 (39... c4 $142 40. Kxc4 f5 41. gxf5 gxf5) 40. Kxa5 Nf4 41. Be4 Nh3 42. f3 Nf2 43. Kb5 Ke6 44. a5 {[%emt 0:00:19][%cal Ba4a5,Ba5a6][%mdl 32] White mates.} f5 45. gxf5+ gxf5 46. Bc6 e4 47. fxe4 Nxe4 48. Bxe4 fxe4 49. a6 {[%emt 0:00:00] Weighted Error Value: White=0.06 (flawless) /Black=0.38} 1-0

[Event "FRA-ch Teams Top 16-Haute 2022"]
[Site "Chartres"]
[Date "2022.06.19"]
[Round "11.13"]
[White "Terrieux, Kevin"]
[Black "Bauer, Christian"]
[Result "0-1"]
[ECO "E90"]
[WhiteElo "2448"]
[BlackElo "2596"]
[Annotator "TA"]
[PlyCount "68"]
[EventDate "2022.06.16"]
[EventType "team-tourn"]
[EventCountry "FRA"]
[SourceTitle "playchess.com"]
[Source "ChessBase"]
[SourceQuality "1"]
[TimeControl "40/5400+30:1800+30"]

1. d4 Nf6 2. Nf3 d6 3. c4 g6 4. Nc3 Bg7 5. e4 O-O 6. Be2 c5 7. d5 e6 8. O-O exd5 9. exd5 Re8 10. h3 Na6 11. Bd3 Nc7 12. a4 Na6 13. Bf4 Nb4 {[%emt 0:02:47] E90: King's Indian: Classical: Early deviations and 6 h3.} 14. Bb1 b6 15. Ra3 Ba6 {[%emt 0:00:42] The position is equal.} 16. Nb5 {[%emt 0:00:24] [#]} Nh5 $146 ({Predecessor:} 16... Ne4 17. Re3 f5 18. Bxe4 Rxe4 19. Rxe4 fxe4 20. Ng5 Bxb5 21. axb5 Nd3 22. Ne6 Qf6 23. Bxd6 {1-0 (40) Ziese,G (2052)-Dexter,D (2217) Leipzig 2011}) 17. Bg5 Qd7 18. Qd2 f5 {[%emt 0:02:31] Prevents g4.} 19. Bh6 Bxb5 20. axb5 Bxh6 21. Qxh6 Re2 22. Re1 Rxe1+ 23. Nxe1 Qg7 24. Qd2 Re8 {[%emt 0:01:25] aiming for ...Qd4.} 25. Nf3 {[%emt 0:00:17] Inhibits Qd4.} f4 26. Kf1 $1 Qe7 27. h4 Nf6 28. Ng5 $1 Ng4 (28... Nh5 $16) 29. Ne6 $4 (29. g3 $1 $18 ) 29... Qxh4 $19 {[%emt 0:01:13] And now ...Qh1+ would win.} 30. Rh3 {[%emt 0:02:08] [#] Against Qh1+} (30. Be4 $142 Nf6 31. Rh3 Nxe4 32. Qe1) 30... Nh2+ $1 {[%emt 0:01:52] Pair of Knights!} 31. Kg1 $2 {[%emt 0:03:20] [#]} (31. Rxh2 {is tougher.} Qxh2 32. Be4) 31... Qxh3 $3 32. Qxf4 {[%emt 0:00:12] [#]} Qg4 {[%emt 0:01:12] ...Qxf4 is the strong threat.} 33. Qf6 {[%emt 0:00:27][%csl Ge6][%cal Rf6g7] [#]} Nf3+ $1 34. Kf1 (34. Qxf3 Qxc4) 34... Qxc4+ {[%emt 0:00:10] Weighted Error Value: White=0.62/Black=0.11 (very precise)} 0-1

[Event "FRA-ch Teams Top 16-Haute 2022"]
[Site "Chartres"]
[Date "2022.06.19"]
[Round "11.14"]
[White "Lagarde, Maxime"]
[Black "Gatineau, Yovann"]
[Result "1-0"]
[ECO "C50"]
[WhiteElo "2628"]
[BlackElo "2367"]
[Annotator "TA"]
[PlyCount "63"]
[EventDate "2022.06.16"]
[EventType "team-tourn"]
[EventCountry "FRA"]
[SourceTitle "playchess.com"]
[Source "ChessBase"]
[SourceQuality "1"]
[TimeControl "40/5400+30:1800+30"]

1. e4 e5 2. Nf3 Nc6 3. Bc4 Nf6 4. d3 Bc5 5. Nc3 a6 6. a4 {[%emt 0:00:07] C50: Hungarian Defence and Giuoco Pianissimo.} d6 7. Be3 $5 {[%emt 0:00:04][%mdl 4] Exploring less charted territory.} Bb4 8. O-O {[%emt 0:06:59] The position is equal.} Bxc3 9. bxc3 O-O {[%emt 0:00:25] [#]} 10. Bg5 $146 ({Predecessor:} 10. a5 h6 11. Qb1 d5 12. exd5 Nxd5 13. Qb3 Nxe3 14. fxe3 Qe7 15. Bd5 Be6 16. Bxe6 Qxe6 17. Qxe6 fxe6 {1-0 (30) Lomasov,S (2541)-Stolyarsky,Y (2193) Ramat Gan 2022}) 10... Be6 11. Bb3 h6 12. Bh4 Qe7 13. h3 Bxb3 14. cxb3 Qe6 15. d4 exd4 ({Resist} 15... Nxe4 16. d5 Qe8 17. dxc6 $16) 16. cxd4 Qxe4 {[%emt 0:00:37] Strongly threatening ...Nd5.} (16... Nxe4 $2 17. d5 Qf5 18. dxc6 $18) 17. Bxf6 gxf6 18. Qd2 Qg6 ({Better is} 18... Kh7 $1 $11) 19. Rac1 $14 {[%emt 0:02:55][%mdl 1024] White has compensation.} Rac8 20. Rc3 Kh7 21. d5 $36 {[%emt 0:04:07][%mdl 2048] White has some pressure.} Ne5 {[%emt 0:02:29] [#]} (21... Rg8 $2 22. Nh4 Qg5 23. Qd3+ Kh8 24. dxc6 $18) (21... Nb4 $14) 22. Nh4 $1 $16 Qg5 23. Qc2+ f5 $2 {[%emt 0:00:38][%mdl 8192] Black cannot hold the game after this.} (23... Ng6 $16 24. Nxg6 Qxg6) 24. Nxf5 $18 {[%emt 0:02:36] Threatens to win with f4.} Ng6 25. h4 ({Don't take} 25. Nxd6 Rcd8 $18) 25... Qf6 (25... Qh5 26. f3 Rg8) 26. h5 {[%emt 0:03:12] White is clearly winning.} Nf4 {[%emt 0:00:23][%cal Of6c3] And now ...Qxc3! would win.} 27. Rf3 Qg5 28. g3 Ng6 29. hxg6+ fxg6 30. Nh4 {[%emt 0:00:29] Re1 is the strong threat.} Rxf3 31. Nxf3 Qxd5 {[%emt 0:00:03] [#]} 32. Re1 $1 {[%emt 0:00:54] Weighted Error Value: White=0.15 (very precise) /Black=0.42} 1-0

[Event "FRA-ch Teams Top 16-Haute 2022"]
[Site "Chartres"]
[Date "2022.06.19"]
[Round "11.15"]
[White "Papadiamandis, Elliot"]
[Black "Daulyte-Cornette, Deimante"]
[Result "1-0"]
[ECO "B30"]
[WhiteElo "2373"]
[BlackElo "2372"]
[Annotator "TA"]
[PlyCount "55"]
[EventDate "2022.06.16"]
[EventType "team-tourn"]
[EventCountry "FRA"]
[SourceTitle "playchess.com"]
[Source "ChessBase"]
[SourceQuality "1"]
[TimeControl "40/5400+30:1800+30"]

1. e4 c5 2. Nf3 Nc6 3. Nc3 g6 4. Bc4 Bg7 5. O-O d6 6. Re1 e6 {[%emt 0:01:49] B30: Sicilian: 2...Nc6 3 Bb5, lines without ...g6.} 7. d4 cxd4 8. Ne2 Nge7 {[%emt 0:05:30] The position is equal.} 9. Nexd4 {[%emt 0:00:37] [#]} O-O $146 ({Predecessor:} 9... d5 10. exd5 Nxd5 11. Bxd5 Qxd5 12. Nxe6 Qxd1 13. Nxg7+ Kf8 14. Bh6 Qd8 15. Nh5+ Kg8 16. Re8+ {1-0 (16) Sousa,A (2405)-Cruz,J (2088) Almeirim 2017}) 10. c3 Nxd4 11. Nxd4 d5 12. exd5 Nxd5 13. Qf3 Nb6 14. Bb3 e5 15. Nc2 {[%emt 0:06:48] 0x0.001e67b4f8bcdp-1022s more active pieces. The black rooks are badly placed.} (15. Nb5 $1 $14) 15... Qc7 16. Ne3 Bd7 17. Ng4 {[%emt 0:05:22] Hoping for Nh6+.} Bc6 (17... Kh8 $5 ) 18. Qg3 Rae8 19. Be3 Qe7 {[%emt 0:10:30] Inhibits Qh4.} (19... Nd5 $14) 20. h4 $1 $16 Kh8 {[%emt 0:01:42] [#]} 21. Bg5 $1 Qc7 (21... f6 $142 22. Rxe5 Qd7) 22. Nf6 $18 Rc8 (22... h5 {was worth a try.} 23. Nxe8 Bxe8) 23. h5 {[%emt 0:01:02][%cal Of6h7] aiming for Nxh7!} (23. Rxe5 Rcd8 24. Ng4 f5 $16) ({And not} 23. Qxe5 Qxe5 24. Rxe5 h6 $17) 23... gxh5 $2 (23... h6 24. Qh3 Bxg2 25. Kxg2 Qc6+ 26. Kh2 (26. Ne4 f5 $16) 26... Bxf6 27. Bxh6 Bg7) 24. Rxe5 {[%emt 0:03:38][%cal Og3d3] Threatening mate with Qd3! White is clearly winning.} Nd7 {[%emt 0:01:25] [#]} 25. Qd3 $1 Nxf6 26. Bxf6 {[%emt 0:00:20][%cal Ob3c2] Intending Bc2! and mate.} Qd7 {[%emt 0:02:31] [#]} 27. Rd5 Qxd5 28. Bxg7+ {[%emt 0:00:11] Weighted Error Value: White=0.20 (precise) /Black=0.33} 1-0

[Event "FRA-ch Teams Top 16-Haute 2022"]
[Site "Chartres"]
[Date "2022.06.19"]
[Round "11.16"]
[White "Martsynovskaya, Marina"]
[Black "Burri, Quentin"]
[Result "0-1"]
[ECO "B56"]
[WhiteElo "2070"]
[BlackElo "2401"]
[Annotator "TA"]
[PlyCount "60"]
[EventDate "2022.06.16"]
[EventType "team-tourn"]
[EventCountry "FRA"]
[SourceTitle "playchess.com"]
[Source "ChessBase"]
[SourceQuality "1"]
[TimeControl "40/5400+30:1800+30"]

1. e4 c5 2. Nf3 d6 3. d4 cxd4 4. Nxd4 Nf6 5. Nc3 Nc6 6. Be3 Ng4 7. Bg5 h6 8. Bh4 g5 9. Bg3 Bg7 10. Nb3 Bxc3+ 11. bxc3 Nge5 {[%emt 0:00:47] B56: Classical Sicilian: Unusual Lines.} (11... Nf6 $5 ) 12. h4 Rg8 {[%emt 0:05:30] [#]} 13. hxg5 $146 ({Predecessor:} 13. Qd2 a6 14. hxg5 hxg5 15. Rh5 g4 16. O-O-O Be6 17. Kb1 Qb6 18. Ka1 Rc8 19. Rb1 {0-1 (53) Kytoniemi,J (2220)-Lassila,E (2190) Finland 1996}) 13... hxg5 {[%emt 0:02:56] Black has an edge.} 14. Qd2 Qb6 15. f3 (15. a4 $5 ) 15... Be6 16. Bf2 Qc7 17. Nd4 Bc4 {[%emt 0:05:28] Black is more active.} 18. Rh5 Bxf1 (18... O-O-O $5 19. Nxc6 Qxc6 20. Bxc4 Nxc4 $15) 19. Rxg5 {[%emt 0:00:00][%mdl 8192] White does not recover from this.} (19. Kxf1 $15 Nc4 20. Qe1) 19... Rxg5 $19 20. Qxg5 Ba6 {[%emt 0:00:37] Threatens to win with ...Qa5.} ({Wrong is} 20... Nxd4 $2 21. Bxd4 Qc4 22. Qd2 $19) 21. Qg8+ Kd7 22. Qxa8 {[%emt 0:00:00] [#] Black must now prevent Nb3.} Na5 23. Ne2 ({Don't play} 23. Kd2 Nac4+ 24. Kd1 Nb2+ 25. Kd2 (25. Kc1 {is a self mate.} Qxc3 26. Bh4 Ned3+ 27. Kb1 Nc4) 25... Nec4+ 26. Kc1 Qa5 $19) 23... Qc4 24. O-O-O $2 (24. Kf1 Qxe2+ 25. Kg1) 24... Qxa2 25. Kd2 Nb3+ {[%emt 0:01:20][%mdl 64] [#] Deflection. Pair of Knights!} 26. Ke3 Qxc2 27. Nd4 Qxd1 28. Kf4 Qd2+ 29. Kg3 Nd3 {[%emt 0:00:46] ( -> ...Qf4+)} 30. Nxb3 Qf4+ {[%emt 0:00:21] Weighted Error Value: White=1.29/Black=0.10 (very precise)} 0-1

[Event "FRA-ch Teams Top 16-Haute 2022"]
[Site "Chartres"]
[Date "2022.06.19"]
[Round "11.17"]
[White "Van Foreest, Jorden"]
[Black "Jones, Gawain C B"]
[Result "1-0"]
[ECO "E81"]
[WhiteElo "2715"]
[BlackElo "2669"]
[Annotator "TA"]
[PlyCount "87"]
[EventDate "2022.06.16"]
[EventType "team-tourn"]
[EventCountry "FRA"]
[SourceTitle "playchess.com"]
[Source "ChessBase"]
[SourceQuality "1"]
[TimeControl "40/5400+30:1800+30"]

1. d4 Nf6 2. c4 g6 3. Nc3 Bg7 4. e4 d6 5. f3 O-O 6. Be3 c5 7. dxc5 dxc5 8. Qxd8 Rxd8 9. Bxc5 Nc6 10. Rd1 Rxd1+ {[%emt 0:07:34] E81: King's Indian: Sämisch: 6th move deviations (including 6 Be3 c6).} 11. Kxd1 {[%emt 0:01:22] 11.Kxd1 is better than 11.Nxd1.} Nd7 12. Bf2 Bxc3 {[%emt 0:03:46] The position is equal.} 13. bxc3 Nde5 14. Ne2 {[%emt 0:01:03] [#]} f5 $146 ({Predecessor:} 14... Be6 15. Nd4 Bxc4 16. Nxc6 bxc6 17. Bg3 Rd8+ 18. Kc2 Bxf1 19. Rxf1 Nc4 20. Bf4 e5 {½-½ (43) L'Ami,E (2621)-Efimenko,Z (2597) Germany 2022}) 15. exf5 Bxf5 16. Nd4 $1 Rd8 17. Kc1 Nd3+ (17... Bd3 $14) 18. Bxd3 $16 Bxd3 19. Nxc6 bxc6 {[%emt 0:00:06][%mdl 4096] Endgame KRB-KRB} 20. Rd1 ({But not} 20. Bxa7 $6 Ra8 21. Rd1 Rxa7 22. Rxd3 Rxa2 $14) 20... a6 $2 {[%emt 0:03:23][%mdl 8192] [#] This move loses the game for Black.} (20... e5 $16) 21. Rxd3 $1 $18 Rxd3 {[%emt 0:00:22] KR-KB} 22. Bd4 $1 e5 23. Kc2 Rxd4 24. cxd4 exd4 {[%emt 0:00:05] [#] KP-KP} 25. c5 $1 {[%emt 0:00:05] White wants to mate with Kd3.} ({Weaker is} 25. Kd3 c5 $11) 25... Kf7 26. Kd3 Ke6 27. Kxd4 {[%emt 0:00:07] White threatens Ke4 and mate.} Kf5 28. g3 a5 29. h4 {[%emt 0:06:15] White mates.} h6 30. a3 a4 31. Kc3 Ke6 32. Kb4 Kd5 33. Kxa4 Kxc5 34. Kb3 Kd4 35. a4 Kd3 36. a5 c5 37. a6 c4+ 38. Kb4 c3 39. a7 c2 40. a8=Q c1=Q 41. Qe4+ Kd2 42. Qf4+ Kd1 {[%emt 0:00:12] [#]} 43. Qxc1+ $1 Kxc1 44. h5 {[%emt 0:00:26] Weighted Error Value: White=0.00 (flawless) /Black=0.67} 1-0

[Event "FRA-ch Teams Top 16-Haute 2022"]
[Site "Chartres"]
[Date "2022.06.19"]
[Round "11.18"]
[White "Korobov, Anton"]
[Black "Amin, Bassem"]
[Result "1/2-1/2"]
[ECO "A28"]
[WhiteElo "2671"]
[BlackElo "2686"]
[Annotator "TA"]
[PlyCount "89"]
[EventDate "2022.06.16"]
[EventType "team-tourn"]
[EventCountry "FRA"]
[SourceTitle "playchess.com"]
[Source "ChessBase"]
[SourceQuality "1"]
[TimeControl "40/5400+30:1800+30"]

1. c4 Nf6 2. Nc3 e5 3. Nf3 Nc6 4. e3 Bb4 5. Qc2 O-O 6. Nd5 Re8 7. a3 Bf8 8. Ng5 {[%emt 0:06:23] [#] Threatening mate with Nxf6+. A28: English Opening: Four Knights Variation.} g6 {[%emt 0:00:21] White must now prevent ...Nxd5.} 9. Nxf6+ Qxf6 10. h4 {[%emt 0:00:25] The position is equal.} d6 11. Ne4 Qd8 {[%emt 0:00:00] [#]} 12. b3 $146 ({Predecessor:} 12. h5 Bg7 13. hxg6 hxg6 14. d3 d5 15. cxd5 Qxd5 16. Be2 Qd8 17. Bd2 Be6 18. g4 {1-0 (37) Kovalenko,I (2684)-Berzinsh,R (2408) Tallinn 2017}) 12... Bg7 13. Bb2 f5 14. Nc3 {[%emt 0:01:05] [#]} Nd4 $1 15. Qd1 (15. exd4 exd4+) 15... c6 16. h5 Ne6 17. hxg6 hxg6 18. b4 a5 19. Qb3 axb4 20. axb4 Rxa1+ 21. Bxa1 Nc7 22. b5 Be6 23. bxc6 bxc6 24. Qb6 {[%emt 0:01:14] Inhibits Na6.} Qd7 25. Be2 Na8 26. Qb1 Qc7 27. g4 Rb8 28. Qc2 Qa5 29. Bb2 Qb4 30. Nd1 Qb3 31. Qxb3 Rxb3 32. gxf5 Bxf5 33. Bc3 Nb6 34. f3 Be6 35. Rg1 Kf7 ({Don't play} 35... Nxc4 36. Rxg6 Bf7 37. Bxc4 Bxc4 38. Nb2 $16 (38. Rxd6 Rb1 $11)) 36. Bd3 Bf5 ({Don't do} 36... Bxc4 37. Bxg6+ Kf8 38. Bc2 $14) 37. e4 Be6 38. Ne3 Bh6 {[%emt 0:02:20] Hoping for ...Bxe3.} 39. Ng4 Bf4 40. c5 Bxg4 41. Rxg4 dxc5 42. Ke2 Ra3 43. Rg1 Na4 44. Bc4+ Kf6 45. Rc1 {[%emt 0:00:00] Weighted Error Value: White=0.06 (flawless) /Black=0.06 (flawless)} 1/2-1/2